 Dungeon Crawl Stone Soup version 0.24-a0-439-g6dd8730de2 (webtiles) character file.

Game seed: 8611986552745905261

43 galech the Skirmisher (level 3, -2/29 HPs)
             Began as a Demonspawn Fighter on June 18, 2019.
             Slain by a worm (9 damage)
             ... on level 2 of the Dungeon.
             The game lasted 00:00:54 (821 turns).

galech the Skirmisher (Demonspawn Fighter)           Turns: 821, Time: 00:00:55

Health: -2/29      AC:  7    Str: 16    XL:     3   Next: 37%
Magic:  3/3        EV:  6    Int:  9    God:
Gold:   87         SH:  9    Dex: 16    Spells: 2/2 levels left

rFire    + . .     SeeInvis .   a - +0 war axe
rCold    . . .     Gourm    .   c - +0 shield
rNeg     . . .     Faith    .   b - +0 scale mail
rPois    .         Spirit   .   (helmet restricted)
rElec    .         Reflect  .   (no cloak)
rCorr    .         Harm     .   h - +0 pair of gloves
MR       .....                  (no boots)
Stlth    ..........             (no amulet)
HPRegen  0.09/turn              i - +3 ring of dexterity
MPRegen  0.08/turn              (no ring)

@: no status effects
A: antennae 1, fire resistance 1
a: no special abilities


You were on level 2 of the Dungeon.
You were not hungry.

You visited 1 branch of the dungeon, and saw 2 of its levels.

You collected 87 gold pieces.

Inventory:

Hand Weapons
 a - a +0 war axe (weapon)
Armour
 b - a +0 scale mail (worn)
 c - a +0 shield (worn)
 h - a +0 pair of gloves (worn)
Jewellery
 i - a +3 ring of dexterity (left hand)
Scrolls
 e - a scroll of fog {unknown}
 j - a scroll of magic mapping {unknown}
 k - a scroll of fear {unknown}
 m - 2 scrolls of identify {unknown}
 n - 3 scrolls of remove curse {unknown}
Potions
 d - 2 potions of might
 g - a potion of ambrosia {unknown}
 l - a potion of magic {unknown}
 o - 2 potions of curing {unknown}
 p - a potion of heal wounds {unknown}
 q - a potion of resistance {unknown}
Comestibles
 f - 4 rations
 r - 10 chunks of flesh


   Skills:
 + Level 3.3 Fighting
 + Level 2.4 Axes
 + Level 2.9 Armour
 + Level 3.2 Shields


You had 2 spell levels left.
You didn't know any spells.
Your spell library was empty.

Dungeon Overview and Level Annotations

Branches:
Dungeon (2/15)

Altars:


Innate Abilities, Weirdness & Mutations

You have a pair of small antennae on your head.
Your flesh is heat resistant. (rF+)


Message History

You are too injured to fight recklessly!
You are too injured to fight recklessly!
You are too injured to fight recklessly!
You closely miss the adder.
The adder is almost dead.
Your shield and scale mail prevent you from hitting the worm.
You block the adder's attack. The adder bites you.
The worm bites you but does no damage.
You miss the adder.
The adder is almost dead.
You hit the worm.
You block the adder's attack. x2; The worm bites you.
* * * LOW HITPOINT WARNING * * *
Some of the chunks of flesh in your inventory have rotted away.
You closely miss the adder.
The adder is almost dead.
You hit the worm. You block the adder's attack. The adder closely misses you.
You slash the adder!
You kill the adder!
You slash the worm! The worm bites you!
You die...

.........#....# #.....#
.........#....# #...###
.........###########..>..#
..+##......###......รท#...#.
..+#######..........[......?
....# ..#####..........#
....# .#.#?#...###.####
....# ##.#..w#...# .# ....#
#..#...@...# #
.#.#######..#..?#(..#
.#..........#.#%#...#
.#..........#####...#
.#..................#
###.......<......####
#.......(..#####
#..............
#.........#####


You could see a worm.

Vanquished Creatures
  An adder (D:2)
  A dart slug (D:2)
  3 leopard geckos
  A giant cockroach (D:2)
  4 goblins
  5 hobgoblins
  2 jackals (D:2)
  A quokka (D:2)
  A ball python (D:2)
  A frilled lizard (D:2)
  4 kobolds
  2 rats
26 creatures vanquished.

Notes
Turn   | Place    | Note
-------+----------+-------------------------------------------
     0 | D:1      | galech the Demonspawn Fighter began the quest for the Orb.
     0 | D:1      | Reached XP level 1. HP: 18/18 MP: 1/1
   216 | D:1      | Gained mutation: You have a pair of small antennae on your
                  | head. [demonic ancestry]
   216 | D:1      | Reached XP level 2. HP: 24/24 MP: 2/2
   783 | D:2      | Gained mutation: Your flesh is heat resistant. (rF+)
                  | [demonic ancestry]
   783 | D:2      | Reached XP level 3. HP: 29/29 MP: 3/3
   821 | D:2      | Slain by a worm

Levels and vault maps discovered:
D:1:      minmay_arrival_arboretum_small, layout_loops_ring
D:2:      layout_basic, first_ration, minmay_split_cup_large

Skill      XL: |  1  2 |
---------------+-------+-----
Shields        | 3 |  3.2
Axes           | 2 |  2.4
Fighting       | |  3.3
Armour         | |  2.9

Action                   || total
-------------------------++-------
Melee: War axe           ||    73
Armor: Scale mail        ||    37
Dodge: Dodged            ||    25
Block: Shield            ||    38

Table legend:
 A = Non-vault XP
 B = Vault XP
 C = Vault XP percentage of total XP
 D = Non-vault monster count
 E = Vault monster count
 F = Vault count percentage of total count
                 A         B        C        D         E       F
            +---------+---------+-------+---------+---------+-------
      Total |      45 |      17 |  27.4 |      23 |       3 |  11.5
            +---------+---------+-------+---------+---------+-------
        D:1 |      22 |       0 |   0.0 |      11 |       0 |   0.0
        D:2 |      23 |      17 |  42.5 |      12 |       3 |  20.0
            +---------+---------+-------+---------+---------+-------
